 Dungeon Crawl Stone Soup version 0.31-a0-221-gbddc013574 (webtiles) character file.

Game seed: 11112927910186700199

412 qw the Chopper (level 6, -3/38 HPs)
             Began as a Gargoyle Fighter on July 3, 2023.
             Slain by an ogre
             ... wielding a +0 giant club
              (29 damage)
             ... on level 4 of the Dungeon.
             The game lasted 00:01:38 (3498 turns).

qw the Chopper (Gargoyle Fighter)                   Turns: 3498, Time: 00:01:38

Health: -3/38      AC: 11    Str: 27    XL:     6   Next: 90%
Magic:  6/6        EV: 10    Int:  9    God:
Gold:   230        SH:  4    Dex:  9    Spells: 5/5 levels left

rFire   . . .        Y - +0 war axe
rCold   . . .        c - +0 buckler
rNeg    + . .        b - +0 scale mail
rPois   inf          (no helmet)
rElec   +            (no cloak)
rCorr   .            (no gloves)
SInv    .            (no boots)
Will    .....        (no amulet) Stlth
                     f - +6 ring of strength
HPRegen 0.26/turn    (no ring)
MPRegen 0.10/turn

%: no passive effects
@: no status effects
A: sickness immunity, AC +4, negative energy resistance 1, electricity
resistance, torment resistance 1, petrification resistance
a: no special abilities


You were on level 4 of the Dungeon.
You visited 1 branch of the dungeon, and saw 4 of its levels.

You collected 230 gold pieces.


Innate Abilities, Weirdness & Mutations

You are immune to sickness and miasma.
Your stone body is resilient. (AC +4)
You are immune to poison.
You resist negative energy. (rN+)
You are resistant to electric shocks. (rElec)
You are resistant to unholy torment.
You are immune to petrification.


   Skills:
 - Level 4.2 Fighting
 + Level 5.6 Axes
 - Level 1.0 Throwing
 - Level 3.2 Armour
 - Level 1.4 Dodging
 - Level 3.2 Shields


You had 5 spell levels left.
You didn't know any spells.
Your spell library was empty.

Inventory:

Hand Weapons
 o - a +0 morningstar
 Y - a +0 war axe (weapon)
Missiles
 i - a boomerang
 p - 2 javelins (quivered)
Armour
 b - a +0 scale mail (worn)
 c - a +0 buckler (worn)
Jewellery
 f - a +6 ring of strength (left hand)
Scrolls
 m - a scroll of identify
Potions
 d - 3 potions of might
 e - a potion of mutation {unknown}
 g - a potion of haste
 k - a potion of curing {unknown}
 n - a potion of heal wounds
 q - a potion of berserk rage {unknown}

Dungeon Overview and Level Annotations

Branches:
Dungeon (4/15)
 Temple: D:4-7

Altars:
Fedhas
Nemelex Xobeh
Qazlal


Message History

You hit the adder.
The adder is severely wounded.
The adder bites you. The adder bites you but does no damage.
You miss the adder.
The adder is severely wounded.
The adder misses you.
You hit the adder.
You kill the adder!
You start resting.
HP restored.
Things that are here:
a +0 dagger of freezing; a +0 leather armour; an orc corpse
p - 3 javelins (gained 1)
You open the door.
There is an open door here.
You open the door.
There is an open door here.
You open the door.
An ogre comes into view. It is wielding a +0 giant club.
The ogre shouts!
Enter note:
Enter note:
Enter note:
Enter note:
Enter note:
Enter note:
Enter note: You throw a javelin.
The javelin pierces through the ogre!
The ogre is heavily wounded.
You hit the ogre.
The ogre is heavily wounded.
The ogre completely misses you.
You hit the ogre but do no damage.
The ogre is heavily wounded.
The ogre hits you with a +0 giant club!
You barely miss the ogre.
The ogre is heavily wounded.
The ogre hits you with a +0 giant club!!
Ouch! That really hurt!
You die...

.....# #.....# #.....#
###.....### ####
#.........# #....
#.........# +...
#.....#.........# #...
#(....O@........# #...
#####+#.........#####...
........#########......
........#.......#......
........'.......#......
........#.......+......
........######+##......
#######............####
#........)...#


You could see an ogre.

Vanquished Creatures
  A phantom (D:2)
  A hound (D:4)
  An orc priest (D:3)
  2 iguanas (D:4)
  An orc wizard (D:4)
  Terence (D:3)
  8 adders
  3 gnolls (D:4)
  3 worms
  3 dart slugs
  9 orcs
  2 endoplasms (D:1)
  A giant cockroach (D:3)
  6 goblins
  5 hobgoblins
  8 kobolds
  A quokka (D:3)
  6 ball pythons
  3 bats
  5 frilled lizards
  5 rats
75 creatures vanquished.

Notes
Turn   | Place    | Note
-------+----------+-------------------------------------------
     0 | D:1      | qw the Gargoyle Fighter began the quest for the Orb.
     0 | D:1      | Reached XP level 1. HP: 14/14 MP: 1/1
     0 | D:1      | 0 ||| qw: Version: 0.3-a-40-ge99b1a8
     0 | D:1      | 0 ||| qw: Game counter: 562
     0 | D:1      | 0 ||| qw: Melee chars always use a shield: true
     0 | D:1      | 0 ||| qw: God list: Okawaru
     0 | D:1      | 0 ||| qw: Allow faded altars: false
     0 | D:1      | 0 ||| qw: Do Orc after clearing Dungeon:15 true
     0 | D:1      | 0 ||| qw: Do second Lair branch before Depths: true
     0 | D:1      | 0 ||| qw: Lair rune preference: random
     0 | D:1      | 0 ||| qw: Goals: Normal, Zot:1-4, Slime:5, God:TSO, Crypt,
                  | Tomb, Abyss, Pan, Hells, Win
     0 | D:1      | 0 ||| PLANNING D:1-11
    71 | D:1      | Reached skill level 2 in Axes
   327 | D:1      | 327 ||| DROPPING +0 club.
   368 | D:1      | Reached XP level 2. HP: 19/19 MP: 2/2
   844 | D:1      | 844 ||| UPGRADING to +6 ring of strength.
   845 | D:1      | 845 ||| READING scroll labelled BEDUANT FADGHU.
   846 | D:1      | 846 ||| READING scroll labelled CAUFOPO QANTE.
   850 | D:1      | 850 ||| READING 3 scrolls labelled KEQUIQ VEQOSMA.
   951 | D:1      | 951 ||| READING scroll labelled FYIMESO TOFAUT.
   952 | D:1      | 952 ||| DRINKING 2 ruby potions.
   953 | D:1      | 953 ||| DROPPING 2 scrolls of silence.
  1087 | D:2      | Noticed a phantom
  1092 | D:2      | Reached skill level 3 in Axes
  1096 | D:2      | Killed a phantom
  1097 | D:2      | Reached skill level 4 in Axes
  1097 | D:2      | Reached XP level 3. HP: 22/23 MP: 3/3
  1097 | D:2      | Reached XP level 4. HP: 27/28 MP: 4/4
  1175 | D:2      | Found a faded altar of an unknown god.
  1194 | D:2      | Reached XP level 5. HP: 32/32 MP: 5/5
  1475 | D:2      | 1475 ||| Stepping ~*~*~tactically~*~*~ (hiding).
  1477 | D:2      | 1477 ||| Stepping ~*~*~tactically~*~*~ (hiding).
  1478 | D:2      | 1478 ||| Stepping ~*~*~tactically~*~*~ (hiding).
  1508 | D:2      | 1508 ||| Stepping ~*~*~tactically~*~*~ (stealth).
  1514 | D:2      | 1514 ||| Stepping ~*~*~tactically~*~*~ (stealth).
  1517 | D:2      | 1517 ||| Stepping ~*~*~tactically~*~*~ (stealth).
  1524 | D:2      | 1524 ||| Stepping ~*~*~tactically~*~*~ (stealth).
  1759 | D:2      | 1759 ||| READING scroll labelled ASKALOG GIS.
  1760 | D:2      | 1760 ||| READING 3 scrolls labelled DOCLEX NILOF.
  1761 | D:2      | 1761 ||| DROPPING 2 scrolls of blinking.
  1884 | D:3      | Reached skill level 5 in Axes
  1900 | D:3      | 1900 ||| Stepping ~*~*~tactically~*~*~ (stealth).
  1913 | D:3      | 1913 ||| Stepping ~*~*~tactically~*~*~ (stealth).
  1915 | D:3      | 1915 ||| Stepping ~*~*~tactically~*~*~ (stealth).
  1924 | D:3      | 1924 ||| DROPPING +0 whip.
  1925 | D:3      | 1925 ||| Stepping ~*~*~tactically~*~*~ (stealth).
  1931 | D:3      | 1931 ||| Stepping ~*~*~tactically~*~*~ (stealth).
  2088 | D:3      | 2088 ||| Stepping ~*~*~tactically~*~*~ (hiding).
  2106 | D:3      | Reached skill level 1 in Dodging
  2109 | D:3      | HP: 7/32 [orc/+0 flail (6)]
  2110 | D:3      | 2110 ||| READING scroll of teleportation.
  2115 | D:3      | HP: 6/32 [quokka (3)]
  2223 | D:3      | Found a stormy altar of Qazlal.
  2226 | D:3      | Found a blossoming altar of Fedhas.
  2320 | D:3      | 2320 ||| Stepping ~*~*~tactically~*~*~ (stealth).
  2394 | D:3      | Found a sparkling altar of Nemelex Xobeh.
  2554 | D:3      | 2554 ||| Stepping ~*~*~tactically~*~*~ (hiding).
  2660 | D:3      | Noticed Terence
  2666 | D:3      | Killed Terence
  2667 | D:3      | Reached XP level 6. HP: 38/38 MP: 6/6
  2669 | D:3      | 2669 ||| DROPPING +0 flail.
  3018 | D:3      | 3018 ||| READING scroll labelled WUCABIOFIA.
  3019 | D:3      | 3019 ||| READING 2 scrolls labelled NAEFIEZEEPT.
  3020 | D:3      | 3020 ||| READING 2 scrolls labelled QOUNO UKUNA.
  3021 | D:3      | 3021 ||| READING scroll labelled MOM LOINAODE.
  3022 | D:3      | 3022 ||| DRINKING 2 murky emerald potions.
  3023 | D:3      | 3023 ||| DROPPING scroll of fog.
  3024 | D:3      | 3024 ||| DROPPING scroll of revelation.
  3066 | D:4      | Reached skill level 1 in Throwing
  3498 | D:4      | Slain by an ogre

Levels and vault maps discovered:
D:1:      dpeg_arrival_water_temple_mockup, layout_loops_cross,
          roderic_lattice_a, minmay_tree_intersection
D:2:      layout_loops_ring, dreamdust_ecumenical_altar_angels_and_demons,
          minmay_octomino_j4
D:3:      minmay_evil_eye, layout_loops_cross,
          grunt_temple_overflow_forces_of_nature, marbit_many_paths,
          uniq_terence
D:4:      layout_gridville, minmay_misc_feat_hallway

Skill      XL: |  1  2  3  4  5  6 |
---------------+-------------------+-----
Axes           | 2 4 5 |  5.6
Dodging        | 1 |  1.4
Throwing       | 1 |  1.0
Fighting       | 4 |  4.2
Armour         | |  3.2
Shields        | |  3.2

Action                     |  1- 3 |  4- 6 || total
---------------------------+-------+-------++-------
  Melee: War axe           |    48 |   194 ||   242
  Throw: Boomerang         |       |    11 ||    11
         Javelin           |       |    12 ||    12
    Use: Scroll            |     4 |     7 ||    11
         Potion            |     1 |     1 ||     2
 Armour: Scale mail        |    19 |    91 ||   110
  Dodge: Dodged            |    19 |    83 ||   102
  Block: Buckler           |     6 |    34 ||    40

Table legend:
 A = Non-vault XP
 B = Vault XP
 C = Vault XP percentage of total XP
 D = Non-vault monster count
 E = Vault monster count
 F = Vault count percentage of total count
                 A         B        C        D         E       F
            +---------+---------+-------+---------+---------+-------
      Total |     525 |      64 |  10.9 |      64 |      11 |  14.7
            +---------+---------+-------+---------+---------+-------
        D:1 |      28 |       0 |   0.0 |      16 |       0 |   0.0
        D:2 |     175 |       6 |   3.3 |      15 |       4 |  21.1
        D:3 |      87 |      58 |  40.0 |      16 |       7 |  30.4
        D:4 |     235 |       0 |   0.0 |      17 |       0 |   0.0
            +---------+---------+-------+---------+---------+-------
